 Dungeon Crawl Stone Soup version 0.31-a0-764-g8440623082 (webtiles) character file.

Game seed: 5519992968252215817

16472 Revguard the Fighter (level 12, -22/79 HPs)
             Began as a Gargoyle Fighter on Sept 15, 2023.
             Was a High Priest of Okawaru.
             Killed from afar by Frances (31 damage)
             ... with a shard of ice
             ... on level 13 of the Dungeon.
             The game lasted 00:30:06 (11634 turns).

Revguard the Fighter (Gargoyle Fighter)            Turns: 11634, Time: 00:30:06

Health: -22/79     AC: 30    Str: 24    XL:     12   Next: 37%
Magic:  0/26       EV: 13    Int: 12    God:    Okawaru [*****.]
Gold:   733        SH: 14    Dex: 16    Spells: 11/11 levels left

rFire   . . .        a - +1 war axe
rCold   . . .        B - +0 kite shield
rNeg    + . .        d - +3 chain mail of Oblivion {Regen+ Int+3 Dex+3 SInv}
rPois   ∞            (no helmet)
rElec   +            H - +1 cloak of Supple Strength {*Slow rPois Regen+ Str+3}
rCorr   .            (no gloves)
SInv    +            J - +2 pair of boots {Fly}
Will    +....        i - amulet of guardian spirit Stlth
                     t - ring of magical power
HPRegen 1.93/turn    k - ring of willpower
MPRegen 0.20/turn

%: slow self (1%), guardian spirit
@: heroic, flying
A: sickness immunity, AC +8, negative energy resistance 1, electricity
resistance, torment resistance 1, petrification resistance, mutation resistance
1
a: Renounce Religion, Heroism, Finesse, Duel


You were on level 13 of the Dungeon.
You worshipped Okawaru.
Okawaru was extremely pleased with you.
You visited 2 branches of the dungeon, and saw 14 of its levels.

You collected 1032 gold pieces.
You spent 299 gold pieces at shops.

Inventory:

Hand Weapons
 a - a +1 war axe (weapon)
 h - a +4 morningstar of freezing
Armour
 d - the +3 chain mail of Oblivion (worn) {Regen+ Int+3 Dex+3 SInv}
   (You bought it in a shop on level 2 of the Dungeon)

   Int+3:     It affects your intelligence (+3).
   Dex+3:     It affects your dexterity (+3).
   SInv:      It lets you see invisible.
   Regen+:    It increases your rate of health regeneration.
 n - the +7 chain mail of Eternal Night {rF- rCorr Int+2 Dex+7}
   (You found it on level 9 of the Dungeon)

   Int+2:     It affects your intelligence (+2).
   Dex+7:     It affects your dexterity (+7).
   rF-:       It makes you vulnerable to fire.
   rCorr:     It protects you from acid and corrosion.
 B - a +0 kite shield (worn)
 H - the +1 cloak of Supple Strength (worn) {*Slow rPois Regen+ Str+3}
   (Okawaru gifted it to you on level 11 of the Dungeon)

   Str+3:     It affects your strength (+3).
   rPois:     It protects you from poison Regen+: It increases your rate of
   health regeneration.
   *Slow:     It may slow you when you take damage.
 J - a +2 pair of boots of flying (worn)
Jewellery
 i - an amulet of guardian spirit (around neck)
 j - a ring of positive energy
 k - a ring of willpower (right hand)
 t - a ring of magical power (left hand)
 y - a ring of flight
 I - a ring of willpower
Wands
 c - a wand of flame (18)
 v - a wand of digging (3)
 F - a wand of iceblast (21)
Scrolls
 b - a scroll of identify
 e - 4 scrolls of teleportation
 f - 2 scrolls of noise
 l - 2 scrolls of amnesia
 m - 2 scrolls of enchant weapon
 o - 3 scrolls of poison
 p - 4 scrolls of revelation
 q - a scroll of vulnerability
 s - 3 scrolls of immolation
 A - a scroll of blinking
 G - a scroll of fear
Potions
 g - 4 potions of cancellation
 r - a potion of lignification
 u - a potion of resistance
 w - 3 potions of brilliance
 x - 6 potions of curing
 z - a potion of attraction
 C - 2 potions of heal wounds
 D - 2 potions of ambrosia
 E - a potion of haste


   Skills:
 * Level 10.6(15.6) Fighting
 * Level 7.6(12.6) Axes
 + Level 7.9(12.9) Armour
 + Level 5.3(10.3) Dodging
 * Level 10.6(15.6) Shields
 + Level 7.0 Invocations
 + Level 5.7 Evocations


You had 11 spell levels left.
You didn't know any spells.
Your spell library contained the following spells:

 Spells                   Type           Power      Damage    Failure   Level
 Sting                    Tmut/Pois      0%         1d3       88%         1
 Poisonous Vapours        Pois/Air       0%         N/A       95%         2
 Dazzling Flash           Conj/Hex       0%         N/A       99%         3
 Ozocubu's Armour         Ice            0%         N/A       99%         3
 Volatile Blastmotes      Fire/Tloc      0%         2d10      99%         3
 Leda's Liquefaction      Hex/Erth       0%         N/A       100%        4
 Olgreb's Toxic Radiance  Pois           0%         N/A       100%        4
 Alistair's Intoxication  Tmut/Pois      0%         N/A       100%        5
 Borgnjor's Vile Clutch   Necr/Erth      0%         N/A       100%        5
 Lee's Rapid Deconstruct  Erth           0%         3d4*      100%        5
 Metabolic Englaciation   Hex/Ice        0%         N/A       100%        5
 Eringya's Noxious Bog    Tmut/Pois      0%         4d6       100%        6
 Leda's Unmaking          Conj/Erth      0%         9d1       100%        6
 Starburst                Conj/Fire      0%         6d3       100%        6
 Maxwell's Capacitive Co  Air            0%         ∞         100%        8
 Simulacrum               Ice/Necr       Unusable   N/A       N/A         6

Dungeon Overview and Level Annotations

Branches:
Dungeon (13/15)            Temple (1/1) D:6            Lair (0/5) D:9
    Orc (0/2) D:9
 Vaults: D:13-14

Altars:
Ashenzari
Cheibriados
Dithmenos
Elyvilon
Fedhas
Gozag
Hepliaklqana
Kikubaaqudgha
Makhleb
Nemelex Xobeh
Okawaru
Qazlal
Ru
Sif Muna
Trog
Uskayaw
Vehumet
Wu Jian
Xom
Yredelemnul
Zin
The Shining One

Shops:
D:2 [   D:3 (   D:4 (

Annotations:
D:13 Frances, Maurice


Innate Abilities, Weirdness & Mutations

You are immune to sickness and miasma.
Your stone body is resilient. (AC +8)
You are immune to poison.
You resist negative energy. (rN+)
You are resistant to electric shocks. (rElec)
You are resistant to unholy torment.
You are immune to petrification.
You are somewhat resistant to further mutation.


Message History

You hit the soul eater but do no damage.
Frances hits you but does no damage.
The orange demon stings you but does no damage.
The soul eater misses you.
The ynoxinul gestures.
You slash Frances!
Frances is heavily wounded.
You closely miss the soul eater. Frances hits you with a +0 mace!
You block the orange demon's attack. You block the soul eater's attack.
Frances hits you but does no damage.
Unknown command.
You hit Frances.
Frances is heavily wounded.
You hit the soul eater.
Maurice gestures wildly while chanting.
Maurice blinks!
Frances screams a word of power!
The shard of ice hits you. You block the soul eater's attack.
The orange demon stings you from afar.
You hit Frances.
Frances is heavily wounded.
You hit the soul eater but do no damage.
You block Frances's attack. You block the soul eater's attack.
The orange demon stings you but does no damage.
Unknown command.
You slash Frances!
Frances is severely wounded.
You hit the soul eater but do no damage.
You block Frances's attack.
The soul eater hits you but does no damage.
The orange demon stings you but does no damage.
The ynoxinul gestures.
Frances screams a word of power!
The shard of ice hits you!!!
* * * LOW HITPOINT WARNING * * *
You completely miss Frances.
Frances is severely wounded.
You hit the soul eater but do no damage.
Frances chants phrases taken from a devil's mouth.
The shard of ice hits you!!
You die...

########.#
......##.##
.....#...
..##.#..#
#.##.#..#
#.##.#..#
###<##.#..#
#.......).#
#.#.##.##@#
#.#.##.##3@45....
# ......59355#...
........555.#
......(##...5#
...........####
####.######.. ##.


You could see Frances (fast), a soul eater (summoned), an orange demon
(summoned), a ynoxinul (summoned), a gargoyle and 8 ufetubi.

Vanquished Creatures
  A centaur warrior (D:13)
  2 two-headed ogres
  A death knight (D:13)
  Lodul (D:10)
  Pikel (D:7)
  A deep elf pyromancer (D:12)
  2 cyclopes (D:12)
  2 manticores (D:12)
  The ghost of Opifex the Chopper, a novice VSMo (D:6)
  Jeremiah (D:7)
  2 unseen horrors (D:11)
  A troll (D:9)
  Grinder (D:3)
  8 slime creatures (D:12)
  5 yaks (D:10)
  4 wraiths
  2 shadows
  A vampire (D:10)
  Grum (D:10)
  3 steam dragons
  A swamp worm (D:10)
  A water moccasin (D:6)
  Duvessa (D:7)
  4 acid dragons
  7 orc warriors
  A sky beast (D:7)
  3 black bears
  2 ice beasts
  10 ogres
  2 wolves (D:10)
  8 centaurs
  3 lemures (D:7)
  5 kobold brigands
  2 phantoms
  5 bullfrogs
  2 gnoll sergeants
  3 wights (D:8)
  Dowan (D:7)
  7 killer bees
  4 electric eels (D:9)
  2 howler monkeys (D:11)
  3 orc priests
  5 hounds
  A jelly (D:7)
  2 iguanas (D:5)
  10 orc wizards
  2 hell rats (D:9)
  13 gnolls
  7 adders
  2 river rats (D:9)
  2 shadow imps
  3 white imps
  An ufetubus (D:6)
  3 worms
  2 dart slugs
  45 orcs
  2 ball pythons (D:2)
  6 bats
  8 endoplasms
  5 giant cockroaches
  3 goblins
  6 hobgoblins
  8 jackals
  32 kobolds
  3 quokkas
  8 frilled lizards
  7 rats
304 creatures vanquished.

Vanquished Creatures (others)
  A river rat (D:9)
1 creature vanquished.

Grand Total: 305 creatures vanquished

Notes
Turn   | Place    | Note
-------+----------+-------------------------------------------
     0 | D:1      | Revguard the Gargoyle Fighter began the quest for the Orb.
     0 | D:1      | Reached XP level 1. HP: 14/14 MP: 1/1
    52 | D:1      | Found a faded altar of an unknown god.
    52 | D:1      | Noticed a shining eye
    63 | D:1      | Noticed an eye of devastation
    63 | D:1      | Noticed a great orb of eyes
    63 | D:1      | Noticed a golden eye
    72 | D:1      | Prayed at the altar of an unknown god.
    72 | D:1      | Became a worshipper of Warmaster Okawaru
    72 | D:1      | Reached * piety under Okawaru
   117 | D:1      | Reached XP level 2. HP: 19/19 MP: 2/2
   367 | D:1      | Reached XP level 3. HP: 22/23 MP: 1/3
   788 | D:2      | Found a transporter.
   788 | D:2      | Found Ozikat's Antique Armour Boutique.
   941 | D:2      | Reached skill level 1 in Invocations
  1252 | D:2      | Found a transporter.
  1543 | D:3      | Reached XP level 4. HP: 25/29 MP: 4/4
  1626 | D:3      | Found Boman's Weapon Boutique.
  1677 | D:3      | You fall into a shaft and drop 2 floors!
  1677 | D:5      | Entered Level 5 of the Dungeon
  1735 | D:5      | Reached skill level 1 in Evocations
  1735 | D:5      | Reached XP level 5. HP: 7/33 MP: 0/6
  1851 | D:5      | Reached skill level 1 in Dodging
  1859 | D:5      | HP: 1/33 [gnoll/+0 spear[a gnoll sergeant] (2)]
  2087 | D:5      | Reached XP level 6. HP: 39/39 MP: 7/7
  2321 | D:5      | Noticed a black bear
  2333 | D:5      | Killed a black bear
  2333 | D:5      | Reached ** piety under Okawaru
  2454 | D:5      | Found a snail-covered altar of Cheibriados.
  2578 | D:4      | Reached XP level 7. HP: 38/44 MP: 8/8
  2663 | D:4      | Found Zin's Purification Station.
  2663 | D:4      | Found a glowing silver altar of Zin.
  2684 | D:4      | Bought a potion of curing for 90 gold pieces
  2758 | D:4      | Reached skill level 5 in Shields
  2911 | D:4      | Found Ciross Sapuy's Weapon Emporium.
  3367 | D:3      | Reached skill level 5 in Fighting
  3972 | D:3      | Noticed Grinder
  4004 | D:3      | Killed Grinder
  4326 | D:6      | Reached *** piety under Okawaru
  4327 | D:6      | Reached XP level 8. HP: 49/50 MP: 10/10
  4390 | D:6      | Found a staircase to the Ecumenical Temple.
  4410 | Temple   | Entered the Ecumenical Temple
  4422 | D:6      | Found a runed translucent door.
  4422 | D:6      | Noticed Opifex's ghost (novice VSMo)
  4454 | D:6      | Found an iron altar of Okawaru.
  5253 | D:6      | Killed Opifex's ghost
  5253 | D:6      | Reached **** piety under Okawaru
  5254 | D:6      | Reached skill level 5 in Armour
  5394 | D:7      | Reached XP level 9. HP: 52/56 MP: 11/11
  5457 | D:7      | Found an opulent altar of Gozag.
  5457 | D:7      | Found an ancient bone altar of Kikubaaqudgha.
  5568 | D:7      | Noticed Pikel
  5589 | D:7      | Killed Pikel
  5741 | D:2      | Bought a jewelled chain mail for 209 gold pieces
  5741 | D:2      | Identified the +3 chain mail of Oblivion {Regen+ Int+3
                  | Dex+3 SInv} (You bought it in a shop on level 2 of the
                  | Dungeon)
  6173 | D:7      | Noticed Dowan
  6174 | D:7      | Noticed Duvessa
  6196 | D:7      | Killed Duvessa
  6226 | D:7      | Killed Dowan
  6321 | D:7      | Noticed Jeremiah
  6333 | D:7      | Killed Jeremiah
  6334 | D:7      | Reached XP level 10. HP: 36/64 MP: 10/13
  6445 | D:7      | Found a bloodstained altar of Trog.
  6510 | D:7      | Gained mutation: You have very sharp teeth. [potion of
                  | mutation]
  6510 | D:7      | Gained mutation: Your muscles are strong. (Str +4, Int/Dex
                  | -1) [potion of mutation]
  6511 | D:7      | Lost mutation: You have very sharp teeth. [potion of
                  | mutation]
  6511 | D:7      | Lost mutation: Your muscles are strong. (Str +4, Int/Dex
                  | -1) [potion of mutation]
  6511 | D:7      | Gained mutation: You are somewhat resistant to further
                  | mutation. [potion of mutation]
  6592 | D:8      | Reached skill level 5 in Invocations
  7113 | D:8      | Reached skill level 5 in Axes
  7219 | D:8      | Identified the +4 whip of Grandeur {venom, rC- Str+2 Int+3
                  | Dex+2}
  7453 | D:9      | Reached ***** piety under Okawaru
  7577 | D:9      | Found a staircase to the Orcish Mines.
  7613 | D:9      | Identified the +7 chain mail of Eternal Night {rF- rCorr
                  | Int+2 Dex+7}
  7684 | D:9      | Noticed a death yak
  7686 | D:9      | Found a staircase to the Lair.
  7686 | D:9      | Noticed a death yak
  7687 | D:9      | Noticed a death yak
  7713 | D:9      | HP: 1/65 [death yak (13)]
  8240 | D:9      | Found an ornate altar of the Wu Jian Council.
  8473 | D:9      | Noticed a two-headed ogre
  8480 | D:9      | Killed a two-headed ogre
  8481 | D:9      | Reached XP level 11. HP: 71/71 MP: 15/15
  8689 | D:10     | Entered Level 10 of the Dungeon
  8690 | D:10     | Noticed Lodul
  8714 | D:10     | Killed Lodul
  8885 | D:10     | Reached skill level 5 in Evocations
  9402 | D:10     | Noticed Grum
  9411 | D:10     | Killed Grum
  9748 | D:11     | Noticed a two-headed ogre
  9759 | D:11     | Killed a two-headed ogre
  9759 | D:11     | Identified the +1 cloak of Supple Strength {*Slow rPois
                  | Regen+ Str+3} (Okawaru gifted it to you on level 11 of the
                  | Dungeon)
  9759 | D:11     | Received a gift from Okawaru
 10406 | D:12     | Noticed a cyclops
 10415 | D:12     | Killed a cyclops
 10416 | D:12     | Reached skill level 10 in Shields
 10474 | D:12     | Noticed a manticore
 10488 | D:12     | Killed a manticore
 10489 | D:12     | Reached skill level 10 in Fighting
 10516 | D:12     | Noticed a cyclops
 10541 | D:12     | Killed a cyclops
 10542 | D:12     | Reached skill level 5 in Dodging
 10547 | D:12     | Reached XP level 12. HP: 52/77 MP: 9/16
 11567 | D:13     | Noticed a centaur warrior
 11569 | D:13     | Noticed a death knight
 11588 | D:13     | Killed a centaur warrior
 11608 | D:13     | Killed a death knight
 11610 | D:13     | Noticed Frances
 11617 | D:13     | Noticed a soul eater
 11617 | D:13     | Noticed Maurice
 11634 | D:13     | Killed from afar by Frances

Illustrated notes

Levels and vault maps discovered:
D:1:      scummos_arrival_simple_crosswalls, layout_basic,
          hellmonk_ecumenical_altar_watching_god
D:2:      layout_basic, serial_shops, nicolae_shop_drivethru,
          serial_corexii_hall, chequers_hall_statues_y, corexii_hall_statues_x
D:3:      layout_basic, serial_shops, nicolae_shop_statue_plus,
          minmay_fractal_squares_gapless_5, uniq_grinder
D:4:      layout_cave_pods, zin_purify, serial_shops, shop,
          minmay_misc_feat_plants
D:5:      layout_cave_pools, slow_altar_2
D:6:      layout_cave_pods, okawaru_gym_becter, temple_fountains,
          gammafunk_ghost_grave
D:7:      layout_rooms, trog_ov_bears_minmay, jmf_multi_god_temple,
          uniq_duvessa, uniq_pikel, uniq_jeremiah
D:8:      nicolae_cairo_tiling_large, layout_rooms, minmay_splitting_lines
D:9:      layout_irregular_city, nzn_wu_jian_contemplation, dpeg_lair_monsters,
          david_orc_5, minivault_4, wad_floor_pattern_untrapped,
          serial_bayou_lake_a
D:10:     layout_loops_ring, worms_lemuel, uniq_lodul, uniq_grum
D:11:     layout_irregular_city
D:12:     layout_basic, chequers_mini_garden
D:13:     layout_loops_ring, enter_trove_3, uniq_maurice, uniq_snorg,
          uniq_frances, uniq_nessos, uniq_azrael
Temple:   eino_wide_crystal_templ

Skill      XL: |  1  2  3  4  5  6  7  8  9 10 11 12 |
---------------+-------------------------------------+-----
Axes           | 2 3 4 5 7 |  7.6
Invocations    | 1 2 3 4 5 6 7 |  7.0
Shields        | 4 5 6 7 9 10 | 10.6
Fighting       | 4 5 6 7 9 10 | 10.6
Evocations     | 1 2 3 4 5 |  5.7
Dodging        | 1 2 3 4 5 |  5.3
Armour         | 4 5 6 7 |  7.9

Action                     |  1- 3 |  4- 6 |  7- 9 | 10-12 || total
---------------------------+-------+-------+-------+-------++-------
  Melee: War axe           |   131 |   113 |   321 |   659 ||  1224
 Invoke: Heroism           |       |     2 |     2 |     8 ||    12
         Finesse           |       |       |     1 |     2 ||     3
  Evoke: Wand              |       |       |    12 |     4 ||    16
    Use: Scroll            |     1 |       |    11 |     5 ||    17
         Potion            |       |     1 |     1 |     9 ||    11
 Armour: Scale mail        |    79 |       |       |       ||    79
         Plate armour      |    33 |   180 |   293 |       ||   506
         Skin              |     1 |       |       |       ||     1
         Chain mail        |       |       |    72 |   612 ||   684
  Dodge: Dodged            |    77 |    65 |   127 |   294 ||   563
  Block: Buckler           |    35 |    32 |   104 |     8 ||   179
         Kite shield       |       |       |       |   501 ||   501

Table legend: (Time is in decaauts)
 A = Elapsed time spent in this place.
 B = Non-inter-level travel time spent in this place.
 C = Inter-level travel time spent in this place.
 D = Time resting spent in this place.
 E = Time spent auto-exploring this place.
 F = Levels seen in this place.
 G = Mean time per level.
                   A        B        C        D        E       F      G
               +--------+--------+--------+--------+--------+-----+--------+
         Total |  11986 |  11279 |    707 |    710 |   7793 |  14 |  856.1 |
       Dungeon |  11984 |  11277 |    707 |    710 |   7793 |  13 |  921.8 |
        Temple |      1 |      1 |      0 |      0 |      0 |   1 |    1.0 |
               +--------+--------+--------+--------+--------+-----+--------+

Top non-repeatable levels by time:
     D:9: 1344 daAuts
     D:3: 1254 daAuts
     D:6: 1212 daAuts
    D:12: 1177 daAuts
    D:10: 1003 daAuts
     D:5: 957 daAuts
     D:7: 895 daAuts
     D:8: 890 daAuts
     D:4: 852 daAuts
     D:2: 847 daAuts
    D:11: 786 daAuts
     D:1: 712 daAuts
    D:13: 52 daAuts
  Temple: 1 daAuts
